 Dungeon Crawl Stone Soup version 0.20.0-15-g7f486f2 (webtiles) character file.

80041 Ios the Unseen (level 15, -2/78 HPs)
             Began as a Spriggan Enchanter on June 11, 2017.
             Was the Champion of Dithmenos.
             Slain by a catoblepas (9 damage)
             ... on level 6 of the Lair of Beasts.
             The game lasted 01:29:18 (32609 turns).

Ios the Unseen (Spriggan Enchanter)                Turns: 32609, Time: 01:29:18

Health: -2/78      AC: 10    Str:  8    XL:     15   Next: 22%
Magic:  25/32      EV:  4    Int: 19    God:    Dithmenos [******]
Gold:   1554       SH:  0    Dex: 23    Spells: 27/39 levels left

rFire    + + .     SeeInvis +   o - +9 dagger
rCold    . . .     Gourm    .   (shield restricted)
rNeg     + + +     Faith    .   H - +2 robe {rF+}
rPois    ∞         Spirit   .   R - +1 hat {MR+}
rElec    .         Reflect  .   e - +2 cloak {+Inv}
rCorr    .         Harm     .   (gloves unavailable)
MR       +++..                  (boots unavailable)
Stlth    ++++++++++             c - amulet of regeneration
Regen    0.7/turn               f - +4 ring of evasion
MPRegen  0.3/turn               s - ring "Diom" {rF+ Dex+4}

@: lethally poisoned (-2 -> -2), petrified, wreathed by umbra, very quick
A: unfitting armour, iridescent scales 1, see invisible, herbivore 3, speed 3,
slow metabolism 2, strong 1
a: Shadow Step, Shadow Form, Renounce Religion, Evoke Invisibility


You were on level 6 of the Lair of Beasts.
You worshipped Dithmenos.
Dithmenos was exalted by your worship.
You were hungry.

You visited 3 branches of the dungeon, and saw 22 of its levels.
You also visited: Labyrinth, Sewer and Ice Cave.

You collected 1799 gold pieces.
You spent 245 gold pieces at shops.

Inventory:

Hand Weapons
 a - a +5 dagger
 b - a +2 short sword of distortion
 o - a +9 dagger (weapon)
Missiles
 T - 3 throwing nets (quivered)
Armour
 e - a +2 cloak of invisibility (worn)
 H - a +2 robe of fire resistance (worn)
 L - a +1 robe of cold resistance
 R - a +1 hat of magic resistance (worn)
Jewellery
 c - an amulet of regeneration (around neck)
 f - a +4 ring of evasion (left hand)
 s - the ring "Diom" (right hand) {rF+ Dex+4}
   (You found it in a labyrinth)

   [ring of protection from fire]

   It affects your dexterity (+4).
   It protects you from fire.
 P - an uncursed ring of protection from fire
 V - an uncursed ring of positive energy
Wands
 l - a wand of paralysis (19/24)
 p - a wand of digging (7/24)
 q - a wand of iceblast (9/15)
 v - a wand of iceblast (5/15)
 y - a wand of paralysis (7/24)
 A - a wand of enslavement (8/24)
 D - a wand of acid (4/15)
 F - a wand of paralysis (7/24)
 I - a wand of confusion (22/48)
 M - a wand of iceblast (6/15)
 X - a wand of enslavement (10/24)
 Y - a wand of acid (9/15)
Scrolls
 g - 10 scrolls of recharging
 h - 3 scrolls of fog
 j - 5 scrolls of fear
 k - 4 scrolls of amnesia
 n - 3 scrolls of blinking
 w - 8 scrolls of teleportation
 U - 2 scrolls of remove curse
Potions
 i - 3 potions of magic
 m - 6 potions of curing
 r - 4 potions of mutation
 t - 5 potions of cancellation
 B - a potion of agility
 N - a potion of flight
 O - a potion of haste
 S - 4 potions of heal wounds
 W - a potion of brilliance
Books
 x - a book of Air

   Spells                             Type                      Level
   a - Shock                          Conjuration/Air              1
   b - Swiftness                      Charms/Air                   2
   c - Static Discharge               Conjuration/Air              3
   d - Airstrike                      Air                          4
   e - Lightning Bolt                 Conjuration/Air              5
 Q - a book of Ice

   Spells                             Type                      Level
   a - Ice Form                       Ice/Transmutation            4
   b - Metabolic Englaciation         Hexes/Ice                    5
   c - Ozocubu's Refrigeration        Ice                          6
   d - Bolt of Cold                   Conjuration/Ice              6
   e - Freezing Cloud                 Conjuration/Ice/Air          6
   f - Simulacrum                     Ice/Necromancy               6
 Z - a book of Changes

   Spells                             Type                      Level
   a - Beastly Appendage              Transmutation                1
   b - Sticks to Snakes               Transmutation                2
   c - Spider Form                    Transmutation/Poison         3
   d - Ice Form                       Ice/Transmutation            4
   e - Blade Hands                    Transmutation                5
Miscellaneous
 C - a fan of gales
 E - a phial of floods
 J - a phantom mirror
Comestibles
 d - 8 bread rations
 u - 22 fruits
 z - 11 royal jellies


   Skills:
 + Level 8.8 Fighting
 + Level 11.5 Short Blades
 + Level 14.4 Dodging
 + Level 19.0 Stealth
 + Level 12.8 Spellcasting
 + Level 13.1 Hexes
 - Level 8.2 Evocations


You had 27 spell levels left.
You knew the following spells:

 Your Spells              Type           Power        Failure   Level  Hunger
a - Ensorcelled Hibernat  Hex/Ice        #####.       1%          2    None
b - Corona                Hex            ######.      1%          1    None
c - Confuse               Hex            ######..     1%          3    None
d - Tukima's Dance        Hex            ######..     1%          3    None
e - Dazzling Spray        Conj/Hex       #####.       1%          3    None


Dungeon Overview and Level Annotations

Branches:
Dungeon (15/15)            Temple (1/1) D:4            Lair (6/6) D:8
 Shoals (0/4) Lair:4        Snake (0/4) Lair:3        Slime (0/5) Lair:6
    Orc (0/2) D:12         Vaults (0/5) D:13
 Depths: D:15

Altars:
Ashenzari
Cheibriados
Dithmenos
Elyvilon
Fedhas
Gozag
Hepliaklqana
Kikubaaqudgha
Makhleb
Nemelex Xobeh
Okawaru
Qazlal
Ru
Sif Muna
Trog
Uskayaw
Vehumet
Xom
Yredelemnul
Zin
The Shining One
Beogh

Shops:
D:5 :   D:6 :   D:7 !   D:10 :   D:12 (   D:13 !   D:14 [

Annotations:
D:15 ghwc's ghost, adept DsFi
Lair:5 exclusion: oklob plant


Innate Abilities, Weirdness & Mutations

You are very small and have problems with some larger weapons.
You are too small for most types of armour.
You have supernaturally acute eyesight. (SInv)
You are a herbivore.
You cover ground extremely quickly.
You need consume almost no food.
You are partially covered in iridescent scales. (AC +2)
Your muscles are strong. (Str +2)


Message History

The water moccasin is engulfed in calcifying dust.
The water moccasin is moving more slowly.
The water moccasin bites you but does no damage.
The blink frog hits you.
* * * LOW HITPOINT WARNING * * *
The crocodile barely misses you.
The blink frog is engulfed in calcifying dust.
The blink frog stops moving altogether!
The water moccasin is engulfed in calcifying dust.
The water moccasin stops moving altogether!
You are engulfed in calcifying dust.
The blink frog hits you!
* * * LOW HITPOINT WARNING * * *
The blink frog blinks!
The blink frog is engulfed in calcifying dust.
The water moccasin is engulfed in calcifying dust.
The blink frog is engulfed in calcifying dust.
The crocodile bites you!
* * * LOW HITPOINT WARNING * * *
The catoblepas gores you!!
You die...

,,,,,,,,+,,,,,,*,,,,,,,,,,,,,,,,,
,,,,,,,,*......#.....,,,,,,,,,,,,
,,*****,,...8...#...,,,,,,,,*****
**,*,****,.......#.,*,,,,,*******
*,,,,<****,#......##*,,,,,,,,**,,
*,,,,,,######...8..##******,,,,,*
**,,,,,#............#*,8,*,,,,,,,
**,,,,,........SFY..#,,,,,*,,,,,,
*,,,,,,#...8.†8t@.8.+,,<,8**,,,,*
**,,,,,....F!..§S...#,,,,,*,,,,**
,*,,*,,#........§...#,,8,***,,**
,,**,,,######..F8.....#****,,+***
,,,*,,,,,*,#......##....,,,,,<,,,
,,,,,,,,,,.......##,....,,,,,,,,,
,,,,,,,,,...8...##,,,...,,,,,,,,,
,,,,,,,,.......#.,,,,,..,,,,,,,,,
,,**,**,......##.,,,,,,,,,,,,,,,,


You could see a catoblepas, a black mamba (petrified), 3 blink frogs, a water
moccasin (petrified) and a crocodile.

Vanquished Creatures
  Frances (D:14)
  Gastronok (Lair:2)
  A frost giant (IceCv)
  A minotaur (Lab)
  Harold (Lair:3)
  2 hydras
  2 vault guards (D:13)
  Fannar (Lair:1)
  Erica (D:10)
  4 centaur warriors
  9 two-headed ogres
  Urug (Lair:3)
  2 tengu warriors (D:13)
  Sonja (D:10)
  2 unseen horrors
  2 wizards (D:13)
  An orc knight (D:12)
  2 necromancers (D:13)
  5 ugly things (D:14)
  A deep elf mage (D:14)
  3 cyclopes
  3 manticores
  A merfolk siren (Lair:4)
  A black mamba (Lair:3)
  An ice statue (IceCv)
  5 elephants (Lair:2)
  Joseph (D:8)
  3 gargoyles (D:12)
  9 spiny frogs
  A yaktaur (D:15)
  2 freezing wraiths (D:15)
  A rime drake (Lair:3)
  2 efreet (D:14)
  5 komodo dragons
  A tengu conjurer (D:13)
  3 trolls (D:15)
  19 polar bears (IceCv)
  Grinder (D:3)
  2 wind drakes (shapeshifter)
  A hornet (D:12)
  10 slime creatures (D:13)
  5 dream sheep
  7 blink frogs
  7 hippogriffs
  A shadow (D:12)
  2 redbacks (Lab)
  3 wraiths
  A vampire (D:11)
  18 humans
  3 wyverns
  9 hungry ghosts
  3 basilisks (Lair:3)
  53 yaks
  A steam dragon (D:12)
  2 vampire mosquitoes (D:15)
  A soldier ant (D:12)
  2 nagas (Lair:3)
  4 acid dragons (D:13)
  6 water moccasins
  13 porcupines
  16 orc warriors
  7 sky beasts
  2 black bears
  4 phantoms
  A hornet zombie (D:14)
  6 ice beasts
  6 ogres
  23 centaurs
  15 wolves (IceCv)
  7 crocodiles
  6 big kobolds
  21 bullfrogs
  A wyvern zombie (D:11)
  A wyvern skeleton (D:11)
  3 scorpions
  18 killer bees
  9 wights
  An electric eel (D:9)
  4 howler monkeys
  10 crimson imps
  3 bullfrog zombies
  2 quasits (D:8)
  5 centaur zombies
  2 hounds
  7 jellies
  19 orc priests
  18 orc wizards
  6 centaur skeletons
  2 bullfrog skeletons
  3 iguanas
  6 worker ants
  A worker ant (shapeshifter) (D:14)
  A killer bee zombie (D:8)
  2 hound zombies
  2 hound skeletons
  15 adders
  A gnoll (D:1)
  10 river rats
  6 shadow imps
  11 white imps (Lair:5)
  8 oozes
  An adder skeleton (D:8)
  An adder zombie (D:5)
  4 worms
  3 dart slugs
  8 leopard geckos
  103 orcs
  7 giant cockroaches
  5 goblins (D:2)
  3 hobgoblins
  7 jackals
  27 kobolds
  6 quokkas
  15 ball pythons
  5 bats
  2 frilled lizards
  A jackal skeleton (D:9)
  2 leopard gecko skeletons
  A quokka skeleton (D:4)
  A quokka zombie (D:8)
  28 rats
  A plant (Lair:3)
779 creatures vanquished.

Vanquished Creatures (collateral kills)
  A black bear (D:7)
  An orc priest (D:7)
  A howler monkey zombie (D:7)
  3 orcs
6 creatures vanquished.

Vanquished Creatures (others)
  A slime creature (D:13)
  A dancing weapon (D:11)
  2 centaurs
  An orc wizard (D:7)
  A white imp (Lair:5)
  2 orcs
  2 jackals (D:5)
  A jackal skeleton (D:5)
  46 fungi (D:8)
  34 plants
91 creatures vanquished.

Grand Total: 876 creatures vanquished

Notes
Turn   | Place    | Note
-------+----------+-------------------------------------------
     0 | D:1      | Ios the Spriggan Enchanter began the quest for the Orb.
     0 | D:1      | Reached XP level 1. HP: 9/9 MP: 5/5
    96 | D:1      | Reached skill level 1 in Evocations
   322 | D:1      | Found a shattered altar of Ashenzari.
   345 | D:1      | Reached XP level 2. HP: 13/13 MP: 5/7
   349 | D:1      | Learned a level 2 spell: Ensorcelled Hibernation
  1197 | D:1      | Reached XP level 3. HP: 15/16 MP: 5/8
  1202 | D:1      | Learned a level 3 spell: Confuse
  1760 | D:2      | Learned a level 3 spell: Tukima's Dance
  3025 | D:3      | Reached XP level 4. HP: 5/21 MP: 1/11
  3669 | D:3      | Found a glowing drain.
  3731 | Sewer    | Entered a sewer
  4560 | Sewer    | Reached XP level 5. HP: 20/24 MP: 8/13
  5725 | Sewer    | Reached skill level 5 in Spellcasting
  5725 | Sewer    | Reached skill level 5 in Hexes
  5743 | Sewer    | Learned a level 3 spell: Dazzling Spray
  5792 | Sewer    | Reached skill level 5 in Stealth
  5792 | Sewer    | Reached XP level 6. HP: 19/28 MP: 9/14
  5809 | Sewer    | Reached skill level 5 in Evocations
  5812 | Sewer    | Reached skill level 6 in Stealth
  6217 | D:3      | Noticed Grinder
  6237 | D:3      | Killed Grinder
  6237 | D:3      | Reached skill level 7 in Stealth
  6237 | D:3      | Reached XP level 7. HP: 32/32 MP: 11/15
  6980 | D:4      | Found a staircase to the Ecumenical Temple.
  6997 | Temple   | Entered the Ecumenical Temple
  7091 | Temple   | Became a worshipper of Dithmenos the Shadowed
  7979 | D:5      | Entered Level 5 of the Dungeon
  7984 | D:5      | Reached skill level 8 in Stealth
  8634 | D:5      | Found Mahiomn's Book Shoppe.
  8930 | D:5      | Reached skill level 9 in Stealth
  9310 | D:6      | Reached XP level 8. HP: 36/36 MP: 16/16
  9412 | D:6      | Reached * piety under Dithmenos
  9422 | D:6      | Reached skill level 10 in Stealth
  9802 | D:6      | Reached skill level 11 in Stealth
 10060 | D:6      | Reached skill level 12 in Stealth
 10477 | D:6      | Found Ceal's Book Shoppe.
 10813 | D:7      | Found Yraogatu's Distillery.
 10814 | D:7      | Reached skill level 13 in Stealth
 10814 | D:7      | Reached XP level 9. HP: 40/40 MP: 17/17
 10826 | D:7      | Bought a potion of curing for 30 gold pieces
 10826 | D:7      | Bought a potion of curing for 30 gold pieces
 10826 | D:7      | Bought a potion of heal wounds for 50 gold pieces
 10826 | D:7      | Bought a potion of mutation for 80 gold pieces
 10831 | D:7      | Gained mutation: Your flesh is heat resistant. (rF+) [potion of mutation]
 10831 | D:7      | Gained mutation: You have large cloven feet. [potion of mutation]
 10832 | D:7      | Lost mutation: Your flesh is heat resistant. (rF+) [potion of mutation]
 10832 | D:7      | Lost mutation: You have large cloven feet. [potion of mutation]
 10832 | D:7      | Gained mutation: You are dopey. (Int -2) [potion of mutation]
 10832 | D:7      | Gained mutation: Your muscles are strong. (Str +2) [potion of mutation]
 10833 | D:7      | Lost mutation: Your muscles are strong. (Str +2) [potion of mutation]
 10833 | D:7      | Lost mutation: You are dopey. (Int -2) [potion of mutation]
 10833 | D:7      | Gained mutation: You evolve. [potion of mutation]
 10833 | D:7      | Gained mutation: Your muscles are strong. (Str +2) [potion of mutation]
 10928 | D:7      | Reached skill level 1 in Fighting
 11471 | D:7      | Reached ** piety under Dithmenos
 12411 | D:7      | Found a shadowy altar of Dithmenos.
 12488 | D:7      | Reached skill level 5 in Dodging
 12513 | D:7      | Gained mutation: You are partially covered in iridescent scales. (AC +2) [evolution]
 12513 | D:7      | Lost mutation: You evolve. [end of evolution]
 12794 | D:8      | Reached *** piety under Dithmenos
 12938 | D:8      | Reached XP level 10. HP: 44/48 MP: 13/20
 12967 | D:8      | Noticed a two-headed ogre
 12984 | D:8      | Killed a two-headed ogre
 12984 | D:8      | Reached skill level 14 in Stealth
 13044 | D:8      | Noticed Joseph
 13061 | D:8      | Reached skill level 5 in Short Blades
 13083 | D:8      | Killed Joseph
 13512 | D:8      | Found a white marble altar of Elyvilon.
 13546 | D:8      | Noticed a two-headed ogre
 13548 | D:8      | Found a staircase to the Lair.
 13582 | D:8      | Killed a two-headed ogre
 13597 | D:8      | Reached **** piety under Dithmenos
 14928 | D:8      | Reached XP level 11. HP: 53/53 MP: 10/23
 14943 | D:8      | Noticed a two-headed ogre
 14970 | D:8      | Killed a two-headed ogre
 15446 | D:9      | Noticed a two-headed ogre
 15450 | D:9      | Killed a two-headed ogre
 15905 | D:9      | Reached ***** piety under Dithmenos
 15931 | D:9      | Reached skill level 15 in Stealth
 16606 | D:10     | Entered Level 10 of the Dungeon
 16606 | D:10     | Found Qotan's Book Boutique.
 16606 | D:10     | Noticed an unseen horror
 16608 | D:10     | Killed an unseen horror
 17103 | D:10     | Noticed a two-headed ogre
 17108 | D:10     | Killed a two-headed ogre
 17108 | D:10     | Reached skill level 5 in Fighting
 17300 | D:10     | Noticed Sonja
 17310 | D:10     | Killed Sonja
 17528 | D:10     | Noticed Erica
 17546 | D:10     | Killed Erica
 17638 | D:10     | Found a stormy altar of Qazlal.
 18004 | D:11     | Reached XP level 12. HP: 60/60 MP: 22/26
 18168 | D:11     | Reached skill level 10 in Dodging
 18715 | D:12     | Found Taed's Weapon Shop.
 18715 | D:12     | Found a staircase to the Orcish Mines.
 19326 | D:12     | Reached skill level 16 in Stealth
 19369 | D:12     | Reached skill level 10 in Hexes
 19655 | D:12     | Noticed a two-headed ogre
 19659 | D:12     | Killed a two-headed ogre
 19771 | D:12     | Reached ****** piety under Dithmenos
 19909 | D:12     | Reached skill level 10 in Spellcasting
 20452 | D:13     | Noticed a vault guard
 20457 | D:13     | Noticed a vault guard
 20480 | D:13     | Killed a vault guard
 20779 | D:13     | Killed a vault guard
 20779 | D:13     | Reached XP level 13. HP: 57/65 MP: 15/28
 20886 | D:13     | Found a gate to the Vaults.
 21010 | D:13     | Found Otecyept's Distillery.
 21016 | D:13     | Bought a potion of heal wounds for 55 gold pieces
 21123 | D:13     | Reached skill level 17 in Stealth
 21954 | D:14     | Found Ygeum's Antique Armour Emporium.
 21985 | D:14     | Found a white marble altar of Elyvilon.
 21986 | D:14     | Noticed Frances
 21988 | D:14     | Killed Frances
 22484 | D:14     | Reached skill level 10 in Short Blades
 23725 | D:14     | Found a roughly hewn altar of Beogh.
 24054 | D:14     | Reached XP level 14. HP: 52/72 MP: 27/30
 24166 | D:15     | Entered Level 15 of the Dungeon
 25263 | D:15     | Found an iron altar of Okawaru.
 25309 | D:15     | Noticed ghwc's ghost (adept DsFi)
 25573 | Lair:1   | Entered Level 1 of the Lair of Beasts
 25638 | Lair:1   | Found a labyrinth entrance.
 25661 | Lab      | Entered a labyrinth
 26260 | Lab      | Reached skill level 18 in Stealth
 26670 | Lab      | Got a scintillating platinum ring
 26677 | Lab      | Identified the ring "Diom" {rF+ Dex+4} (You found it in a labyrinth)
 26872 | Lair:1   | Noticed Fannar
 26888 | Lair:1   | Killed Fannar
 27160 | Lair:1   | Got a vibrating garnet amulet
 27616 | Lair:2   | Identified the amulet "Iloahu" {Reflect *Corrode +Blink MR+++ Dex-5 SH+4} (You found it on level 1 of the Lair of Beasts)
 27812 | Lair:2   | Noticed Gastronok
 27814 | Lair:2   | Killed Gastronok
 28546 | Lair:3   | Found a staircase to the Snake Pit.
 28662 | Lair:3   | Noticed Harold
 28664 | Lair:3   | Killed Harold
 29090 | Lair:3   | Noticed Urug
 29093 | Lair:3   | Killed Urug
 29625 | Lair:4   | Found a staircase to the Shoals.
 30593 | Lair:5   | Found a frozen archway.
 30631 | IceCv    | Entered an ice cave
 31056 | IceCv    | Reached XP level 15. HP: 78/78 MP: 32/32
 31961 | IceCv    | Noticed a frost giant
 31971 | IceCv    | Killed a frost giant
 32588 | Lair:6   | Entered Level 6 of the Lair of Beasts
 32592 | Lair:6   | Reached skill level 19 in Stealth
 32609 | Lair:6   | Slain by a catoblepas

Skill      XL: |  1  2  3  4  5  6  7  8  9 10 11 12 13 14 15 |
---------------+----------------------------------------------+-----
Evocations     | 1 2 3 4 6 7 8 |  8.2
Spellcasting   | 3 4 5 6 7 9 10 11 12 | 12.8
Hexes          | 4 5 6 7 9 10 11 12 13 | 13.1
Stealth        | 5 7 9 13 14 15 16 17 18 19 | 19.0
Short Blades   | 4 6 7 9 10 11 | 11.5
Fighting       | 2 4 5 6 7 8 |  8.8
Dodging        | 5 7 9 11 12 14 | 14.4

Action                   |  1- 3 |  4- 6 |  7- 9 | 10-12 | 13-15 || total
-------------------------+-------+-------+-------+-------+-------++-------
Melee: Dagger            |   128 |   185 |   359 |   818 |   945 ||  2435
 Cast: Corona            |     9 |       |       |       |       ||     9
       Ensorcelled Hiber |    24 |    24 |    59 |    74 |    56 ||   237
       Confuse           |       |    21 |    22 |    50 |    49 ||   142
       Dazzling Spray    |       |     4 |    11 |     8 |    19 ||    42
       Tukima's Dance    |       |       |     1 |     3 |     1 ||     5
Invok: Shadow Step       |       |       |       |       |     4 ||     4
 Abil: Evoke Invisibilit |       |     4 |     1 |     8 |    19 ||    32
Evoke: Wand              |       |       |     3 |       |       ||     3
  Use: Scroll            |     9 |     2 |     6 |     9 |    12 ||    38
       Potion            |       |     8 |     5 |     8 |     8 ||    29
 Stab: Sleeping          |    20 |    14 |    65 |    83 |   137 ||   319
       Confused          |       |     8 |    11 |    34 |    27 ||    80
       Invisible         |       |     7 |     2 |    66 |   105 ||   180
       Distracted        |       |       |       |     5 |     6 ||    11
  Eat: Royal jelly       |     1 |       |       |     4 |     8 ||    13
       Fruit             |       |     8 |     3 |     3 |     3 ||    17
       Bread ration      |       |       |     1 |       |       ||     1
Armor: Robe              |    15 |    42 |    31 |    22 |    39 ||   149
Dodge: Dodged            |   108 |   381 |   388 |   646 |   735 ||  2258
